 Dungeon Crawl Stone Soup version 0.24-a0-654-g80d7c3d (webtiles) character file.

Game seed: 8112622473864810686, levelgen mode: deterministic

39 Charmandara the Chiller (level 3, 0/21 HPs)
             Began as an Octopode Ice Elementalist on Sept 27, 2019.
             Killed from afar by an orc wizard (11 damage)
             ... with a puff of flame
             ... on level 3 of the Dungeon.
             The game lasted 00:02:28 (2341 turns).

Charmandara the Chiller (Octopode Ice Elementalist) Turns: 2341, Time: 00:02:29

Health: 0/21       AC:  1    Str:  7    XL:     3   Next: 45%
Magic:  0/6        EV: 13    Int: 18    God:
Gold:   89         SH:  0    Dex: 12    Spells: 0/6 levels left

rFire    . . .     SeeInvis .   j - +0 short sword
rCold    . . .     Gourm    .   (no shield)
rNeg     + . .     Faith    .   (helmet restricted)
rPois    .         Spirit   .   (no amulet)
rElec    .         Reflect  .   r - ring of positive energy {rN+}
rCorr    .         Harm     .   (no ring)
MR       .....                  (no ring)
Stlth    +++.......             (no ring)
HPRegen  0.07/turn              (no ring)
MPRegen  0.10/turn              (no ring)
                                (no ring)
                                (no ring)

@: hasted, very quick
A: almost no armour, stealthy swim, amphibious, 8 rings, constrict 8, camouflage
1, gelatinous body 1
a: no special abilities


You were on level 3 of the Dungeon.
You were not hungry.

You visited 1 branch of the dungeon, and saw 3 of its levels.

You collected 89 gold pieces.

Inventory:

Hand Weapons
 a - a +0 hunting sling
   (You found it on level 1 of the Dungeon)
 e - a +0 mace
   (You found it on level 1 of the Dungeon)
 j - a +0 short sword (weapon)
   (You found it on level 1 of the Dungeon)
 o - a +0 falchion
   (You found it on level 2 of the Dungeon)
Missiles
 s - 4 poisoned darts
Jewellery
 r - a ring of positive energy (left tentacle) {rN+}
   (You found it on level 2 of the Dungeon)
Scrolls
 c - 3 scrolls of amnesia {unknown}
 d - 3 scrolls of random uselessness {unknown}
 f - 2 scrolls of magic mapping {unknown}
 g - a scroll of fear {unknown}
 h - 3 scrolls of remove curse {unknown}
 i - 3 scrolls of enchant armour {unknown}
 k - a scroll of immolation {unknown}
 m - 2 scrolls of teleportation {unknown}
 n - 2 scrolls of identify {unknown}
 q - a scroll of blinking {unknown}
Potions
 l - a potion of heal wounds {unknown}
 t - a potion of haste
Comestibles
 b - 3 rations
 u - 3 chunks of flesh {@w0}


   Skills:
 - Level 2.0 Dodging
 + Level 3.7 Stealth
 - Level 2.0 Spellcasting
 - Level 1.0 Conjurations
 * Level 4.0 Ice Magic


You couldn't memorise any spells.
You knew the following spells:

 Your Spells              Type           Power        Failure   Level  Hunger
a - Freeze                Ice            ###.         3%          1    #......
x - Throw Frost           Conj/Ice       ##....       10%         2    ###....
A - Ozocubu's Armour      Chrm/Ice       #.......     24%         3    ###....

Your spell library contained the following spells:

 Spells                   Type           Power        Failure   Level  Hunger
 Throw Icicle             Conj/Ice       ##......     54%         4    #####..
 Summon Ice Beast         Ice/Summ       #.......     61%         4    #####..


Dungeon Overview and Level Annotations

Branches:
Dungeon (3/15)

Altars:
Ashenzari


Innate Abilities, Weirdness & Mutations

You cannot wear most types of armour.
You are very stealthy in the water. (Stealth+)
You are amphibious.
You can wear up to eight rings at the same time.
You can use your tentacles to constrict eight enemies at once.
Your skin changes colour to match your surroundings (Stealth+).
Your rubbery body absorbs attacks. (AC +1, EV +1)


Message History

A chill runs through your body. The bat hits you but does no damage.
You now have 5/6 mp.
The bat closely misses you. The bat hits you but does no damage.
Aim: a bat You freeze the bat.
The ball python hisses angrily.
The bat barely misses you. The bat hits you.
You take 1 damage, and have 19/21 hp.
You now have 4/6 mp.
Unknown command.
Aim: a bat (moderately wounded)
You freeze the bat.
You kill the bat!
The ball python misses you. The ball python grabs you.
The ball python constricts you.
You take 1 damage, and have 18/21 hp.
You now have 3/6 mp.
Aim: a ball python (constricting you)
You freeze the ball python.
The ball python seems to slow down.
The ball python is no longer moving slowly.
You now have 2/6 mp.
Unknown command.
You barely miss the ball python. Your grab misses the ball python.
You are feeling hungry.
The ball python bites you. The ball python constricts you.
The ball python completely misses you. The ball python constricts you.
You take 2 damage, and have 16/21 hp.
You hit the ball python.
You kill the ball python!
You see here a ball python corpse.
You butcher the ball python corpse.
u - 4 chunks of flesh {@w0} You see here a ball python skeleton.
You start resting.
Eating one of 4 chunks of flesh {@w0}.
You eat one of the 4 chunks of flesh {@w0}.
Your magical contamination has completely faded away.
An orc and an orc wizard come into view.
The orc shouts!
The orc wizard shouts!
You hear an angry hiss.
There are monsters nearby!
The orc wizard casts a spell at you. The puff of flame hits you!
An orc comes into view. It is wielding a +0 short sword.
You take 7 damage, and have 11/21 hp.
MASSIVE DAMAGE!!
Okay, then.
It was a potion of haste.
You feel yourself speed up.
It was a potion of curing.
You feel better.
Health restored: 21
Aim: an orc, wielding a +0 short sword You freeze the orc!
You kill the orc!
Your Ice Magic skill increases to level 4!
The orc shouts!
The orc wizard casts a spell at you. The magic dart hits you.
You take 5 damage, and have 16/21 hp.
MASSIVE DAMAGE!!
You now have 4/6 mp.
You can't see any susceptible monsters within range! (Use Z to cast anyway.)
You see here a +0 short sword.
Aim: an orc, wielding a +0 short sword You freeze the orc.
The orc barely misses you.
Aim: an orc, wielding a +0 short sword (heavily wounded)
You freeze the orc.
You kill the orc!
You now have 3/6 mp.
Unknown command.
Aim: an orc wizard, wielding a +0 dagger and wearing a +0 robe You freeze the orc wizard.
You now have 2/6 mp.
Unknown command.
Aim: an orc wizard, wielding a +0 dagger and wearing a +0 robe (moderately wounded)
You freeze the orc wizard.
The orc wizard looks encouraged for a moment.
You now have 1/6 mp.
Unknown command.
Aim: an orc wizard, wielding a +0 dagger and wearing a +0 robe (heavily wounded)
You freeze the orc wizard.
The orc wizard hits you with a +0 dagger.
You take 4 damage, and have 12/21 hp.
You now have 0/6 mp.
Unknown command.
You closely miss the orc wizard. Your grab misses the orc wizard.
You squeeze the orc wizard.
The orc wizard hits you with a +0 dagger.
* * * LOW HITPOINT WARNING * * *
You take 6 damage, and have 6/21 hp.
MASSIVE DAMAGE!!
Okay, then.
You feel better.
You regained 8 hp, and now have 14/21 hp.
You closely miss the orc wizard. You grab the orc wizard.
You constrict the orc wizard, but do no damage.
The orc wizard hits you with a +0 dagger.
You take 3 damage, and have 11/21 hp.
Unknown command.
You hit the orc wizard but do no damage.
You constrict the orc wizard, but do no damage.
The orc wizard points at you and mumbles some strange words.
The puff of flame hits you!
Ouch! That really hurt!
You die...

..............#.#
##.####..........#
........##.#.#####
##.####.##.#.#
#.##รท#.# #.##...#
#.##..## #.##..#
#@##..#
.##.####o##..#
#...o....##..#
##...........#
##...######.#
#?##. #. # .


You could see an orc wizard.

Vanquished Creatures
  An adder (D:2)
  A worm (D:2)
  2 dart slugs
  A leopard gecko (D:1)
  2 orcs (D:3)
  2 giant cockroaches
  A quokka (D:2)
  A ball python (D:3)
  3 bats
  2 frilled lizards (D:2)
  3 goblins
  2 kobolds
  A rat (D:3)
22 creatures vanquished.

Notes
Turn   | Place    | Note
-------+----------+-------------------------------------------
     0 | D:1      | Charmandara the Octopode Ice Elementalist began the quest
                  | for the Orb.
     0 | D:1      | Reached XP level 1. HP: 11/11 MP: 3/3
   119 | D:1      | Reached skill level 3 in Stealth
   202 | D:1      | HP: 1/11 [giant cockroach (2)]
   203 | D:1      | Reached XP level 2. HP: 1/17 MP: 3/5
  1200 | D:2      | Found a shattered altar of Ashenzari.
  1494 | D:2      | HP: 3/17 [worm (11)]
  1711 | D:2      | Reached XP level 3. HP: 17/21 MP: 3/6
  1805 | D:2      | Learned a level 2 spell: Throw Frost
  1809 | D:2      | Learned a level 3 spell: Ozocubu's Armour
  2331 | D:3      | Reached skill level 4 in Ice Magic
  2341 | D:3      | Killed from afar by an orc wizard

Levels and vault maps discovered:
D:1:      tarquinn_simple_flora_water_f, layout_basic, dk_noncrumbling_4
D:2:      layout_basic, ashenzari_altar_1
D:3:      layout_loops_ring, fedhas_altar_3, lemuel_coloured_pillars_altar,
          old_standard_altar, first_ration

Skill      XL: |  1  2  3 |
---------------+----------+-----
Stealth        | 3 |  3.7
Ice Magic      | 4 |  4.0
Dodging        | |  2.0
Spellcasting   | |  2.0
Conjurations   | |  1.0

Action                   || total
-------------------------++-------
Melee: Mace              ||    12
       Constrict         ||     6
       Short sword       ||    16
       Tentacles         ||     4
 Cast: Freeze            ||    27
       Throw Frost       ||     1
  Use: Potion            ||     3
 Stab: Sleeping          ||     4
  Eat: Chunk             ||     5
Armor: Skin              ||     6
Dodge: Dodged            ||    22

Table legend:
 A = Non-vault XP
 B = Vault XP
 C = Vault XP percentage of total XP
 D = Non-vault monster count
 E = Vault monster count
 F = Vault count percentage of total count
                 A         B        C        D         E       F
            +---------+---------+-------+---------+---------+-------
      Total |      56 |       0 |   0.0 |      22 |       0 |   0.0
            +---------+---------+-------+---------+---------+-------
        D:1 |      13 |       0 |   0.0 |       6 |       0 |   0.0
        D:2 |      32 |       0 |   0.0 |      10 |       0 |   0.0
        D:3 |      11 |       0 |   0.0 |       6 |       0 |   0.0
            +---------+---------+-------+---------+---------+-------

Levels and vault maps discovered:
D:1:      tarquinn_simple_flora_water_f, layout_basic, dk_noncrumbling_4
D:2:      layout_basic, ashenzari_altar_1
D:3:      layout_loops_ring, fedhas_altar_3, lemuel_coloured_pillars_altar,
          old_standard_altar, first_ration

Table legend:
 A = Turns spent in this place as a percentage of turns spent in the entire game.
 B = Non-inter-level travel turns spent in this place as a percentage of non-inter-level travel turns spent in the entire game.
 C = Inter-level travel turns spent in this place as a percentage of turns spent in this place.
 D = Turns resting spent in this place as a percentage of non-inter-level travel turns spent in this place.
 E = Turns spent auto-exploring this place as a percentage of non-inter-level travel turns spent in this place.
 F = Non-inter-level travel turns spent in this place divided by the number of levels of this place that you've seen.
                   A       B       C       D       E      F
               +-------+-------+-------+-------+-------+----------------------
         Total | 100.0 | 100.0 |   3.7 |  34.9 |  52.0 | 751.3
       Dungeon | 100.0 | 100.0 |   3.7 |  34.9 |  52.0 | 751.3
               +-------+-------+-------+-------+-------+----------------------

Table legend:
 A = Kills in this place as a percentage of kills in entire the game.
 B = Kills by you in this place as a percentage of kills by you in the entire game.
 C = Kills by friends in this place as a percentage of kills by friends in the entire game.
 D = Other kills in this place as a percentage of other kills in the entire game.
 E = Experience gained in this place as a percentage of experience gained in the entire game.
 F = Experience gained in this place divided by the number of levels of this place that you have seen.
                   A       B       C       D       E      F
               +-------+-------+-------+-------+-------+----------------------
         Total | 100.0 | 100.0 |   N/A |   N/A | 100.0 |  18.7
       Dungeon | 100.0 | 100.0 |   N/A |   N/A | 100.0 |  18.7
               +-------+-------+-------+-------+-------+----------------------
